 Dungeon Crawl Stone Soup version 0.27-a0-1529-g1e82c303ef (webtiles) character file.

Game seed: 15923888768298914892

3 apoch the Covered (level 1, 0/20 HPs)
             Began as a Minotaur Fighter on July 11, 2021.
             Frozen to death by an endoplasm (4 damage)
             ... on level 1 of the Dungeon.
             The game lasted 00:00:31 (44 turns).

apoch the Covered (Minotaur Fighter)                  Turns: 44, Time: 00:00:32

Health: 0/20       AC:  7    Str: 20    XL:     1   Next: 41%
Magic:  0/0        EV:  7    Int:  5    God:
Gold:   0          SH:  9    Dex:  9    Spells: 0/0 levels left

rFire    . . .     SeeInvis .   a - +0 war axe
rCold    . . .     Faith    .   c - +0 kite shield
rNeg     . . .     Spirit   .   b - +0 scale mail
rPois    .         Reflect  .   (helmet restricted)
rElec    .         Harm     .   (no cloak)
rCorr    .         Rampage  .   (no gloves)
Will     .....                  (no boots)
Stlth    ..........             (no amulet)
HPRegen  0.06/turn              (no ring)
MPRegen  0.07/turn              (no ring)

@: no status effects
A: horns 2, retaliatory headbutt
a: no special abilities


You were on level 1 of the Dungeon.
You visited 1 branch of the dungeon, and saw 1 of its levels.

Inventory:

Hand Weapons
 a - a +0 war axe (weapon)
Armour
 b - a +0 scale mail (worn)
 c - a +0 kite shield (worn)
Scrolls
 e - a scroll of teleportation {unknown}
Potions
 d - a potion of might


   Skills:
 + Level 3.7 Fighting
 + Level 2.5 Axes
 + Level 3.7 Armour
 - Level 3.6 Shields


You couldn't memorise any spells.
You didn't know any spells.
Your spell library was empty.

Dungeon Overview and Level Annotations

Branches:
Dungeon (1/15)

Altars:


Innate Abilities, Weirdness & Mutations

You have a pair of horns on your head.
You reflexively headbutt those who attack you in melee.


Message History

The goblin barely misses you. You furiously retaliate!
You headbutt the goblin.
You kill the goblin!
The jackal bites you.
The jackal bites you but does no damage.
Found a whip.
Things that are here:
a +0 club; a jackal corpse You closely miss the jackal.
The jackal bites you but does no damage.
You block the jackal's attack.
You barely miss the jackal.
The jackal bites you but does no damage. x2
You barely miss the jackal. You block the jackal's attack.
The jackal bites you but does no damage.
The jackal bites you.
You hit the jackal but do no damage. The jackal barely misses you.
The jackal closely misses you.
You closely miss the jackal.
The jackal bites you but does no damage.
The jackal bites you.
You miss the jackal. Your headbutt misses the jackal. The jackal bites you.
The jackal bites you but does no damage.
You barely miss the jackal.
The jackal bites you but does no damage.
The jackal bites you.
* * * LOW HITPOINT WARNING * * *
You block the jackal's attack.
You completely miss the jackal. Your headbutt misses the jackal.
The jackal bites you but does no damage. x2
You barely miss the jackal. The jackal barely misses you.
You block the jackal's attack. The jackal closely misses you.
You hit the jackal.
The jackal is heavily wounded.
The jackal barely misses you.
The jackal bites you but does no damage.
You slash the jackal!
You kill the jackal!
The endoplasm freezes you.
You are frozen.
You die...

. ....############
#..J@..##...##
......###....#..######
#.##. #.####..#....#
#) #.+ #..'..<.# # ..#
#..#....# .#.#
#..###### ..#.. ....#
## #########


You could see an endoplasm.

Vanquished Creatures
  An endoplasm (D:1)
  2 jackals (D:1)
  A goblin (D:1)
4 creatures vanquished.

Notes
Turn   | Place    | Note
-------+----------+-------------------------------------------
     0 | D:1      | apoch the Minotaur Fighter began the quest for the Orb.
     0 | D:1      | Reached XP level 1. HP: 19/19 MP: 0/0
    44 | D:1      | Frozen to death by an endoplasm

Illustrated notes

Levels and vault maps discovered:
D:1:      dpeg_arrival_erosion, layout_loops_ring,
          ebering_ecumenical_altar_sacrificial, minmay_pentomino_t4

Action                   || total
-------------------------++-------
Melee: War axe           ||    25
Armor: Scale mail        ||    20
Dodge: Dodged            ||    11
Block: Kite shield       ||    14

Table legend: (Time is in decaauts)
 A = Elapsed time spent in this place.
 B = Non-inter-level travel time spent in this place.
 C = Inter-level travel time spent in this place.
 D = Time resting spent in this place.
 E = Time spent auto-exploring this place.
 F = Levels seen in this place.
 G = Mean time per level.
                   A        B        C        D        E       F      G
               +--------+--------+--------+--------+--------+-----+--------+
         Total |     59 |     59 |      0 |      0 |     13 |   1 |   59.0 |
       Dungeon |     59 |     59 |      0 |      0 |     13 |   1 |   59.0 |
               +--------+--------+--------+--------+--------+-----+--------+

Top non-repeatable levels by time:
     D:1: 59 daAuts
